 Dungeon Crawl Stone Soup version 0.28-b1-25-g9875b3fc8c (webtiles) character file.

Game seed: 14600691496110155458

326674 Kurdi the Earth Mage (level 21, -7/222 HPs)
             Began as a Naga Earth Elementalist on Feb 4, 2022.
             Was the Champion of Cheibriados.
             Engulfed by a cloud of freezing vapour (21 damage)
             ... on level 3 of the Vaults on Feb 5, 2022.
             The game lasted 04:21:49 (66566 turns).

Kurdi the Earth Mage (Naga Earth Elementalist)     Turns: 66566, Time: 04:21:50

Health: -7/222     AC: 34    Str: 29    XL:     21   Next: 65%
Magic:  35/40      EV: 26    Int: 43    God:    Cheibriados [******]
Gold:   1293       SH:  0    Dex: 32    Spells: 3/51 levels left

rFire   + . .      SeeInvis +     - Unarmed
rCold   + . .      Faith    +   (no shield)
rNeg    + . .      Spirit   .   (armour currently unavailable)
rPois   ∞          Reflect  .   r - +3 crown of Dyrovepreva {rElec Int+2 SInv}
rElec   +          Harm     .   g - scarf {rC+ rF+}
rCorr   +          Rampage  .   (gloves currently unavailable)
Will    +++..                   (no barding)
Stlth   ++++......              W - amulet of faith
HPRegen 0.47/turn               U - +4 ring of evasion
MPRegen 0.27/turn               Q - ring of Cavap {Will+ rCorr Int+3 Dex+5}

@: statue-form, very slow
A: slow and powerful, torment resistance 1, boosted hp, AC +7, large, see
invisible, deformed body, poison resistance, (slowness 2), spit poison 1, naga
tail 2
}: 2/15 runes: decaying, gossamer
a: Spit Poison, End Transformation, Renounce Religion, Bend Time, Temporal
Distortion, Slouch, Step From Time


You were on level 3 of the Vaults.
You worshipped Cheibriados.
Cheibriados was exalted by your worship.
You were a living statue of rough stone.
You visited 8 branches of the dungeon, and saw 38 of its levels.
You also visited: Volcano and Wizlab.

You collected 6384 gold pieces.
You spent 5091 gold pieces at shops.

Inventory:

Hand Weapons
 E - the +6 quarterstaff of Beyond {vorpal, +Blink Str+3}
   (You took it off a deep elf demonologist on level 3 of the Elven Halls)

   It inflicts extra damage upon your enemies.
   Str:       It affects your strength (+3).
   +Blink:    It lets you blink.
Missiles
 c - 359 stones
 y - 5 throwing nets
Armour
 g - a scarf of resistance (worn)
 j - a +4 barding of flying (melded)
 p - the +1 hat "Fevuxter" {rF+ Will- Int+8 SInv}
   (You found it on level 4 of the Spider Nest)

   Int:       It affects your intelligence (+8).
   rF:        It protects you from fire.
   SInv:      It lets you see invisible.
   Will:      It decreases your willpower.
 r - the +3 crown of Dyrovepreva (worn) {rElec Int+2 SInv}
   (You bought it in a shop on level 3 of the Dungeon)

   Int:       It affects your intelligence (+2).
   rElec:     It insulates you from electricity.
   SInv:      It lets you see invisible.
 t - a +2 leather armour of fire resistance (melded)
 Y - a +2 pair of gloves (melded)
Magical Staves
 a - a staff of earth
Jewellery
 e - a ring of protection from fire
 h - the ring "Emnod" {rN++ Str+5 Int-2 Slay+4}
   (You took it off a deep elf elementalist on level 3 of the Elven Halls)

   [ring of slaying]

   Str:       It affects your strength (+5).
   Int:       It affects your intelligence (-2).
   Slay:      It affects your accuracy & damage with ranged weapons and melee
   (+4).
   rN:        It greatly protects you from negative energy.
 k - the ring "Vuaxean" {rC++ Will- rCorr Int+2 Stlth+}
   (You took it off a deep elf death mage on level 3 of the Elven Halls)

   [ring of resist corrosion]

   Int:       It affects your intelligence (+2).
   rC:        It greatly protects you from cold.
   rCorr:     It protects you from acid and corrosion.
   Will:      It decreases your willpower.
   Stlth:     It makes you more stealthy.
 Q - the ring of Cavap (right fist) {Will+ rCorr Int+3 Dex+5}
   (You found it on level 11 of the Dungeon)

   [ring of willpower]

   Int:       It affects your intelligence (+3).
   Dex:       It affects your dexterity (+5).
   rCorr:     It protects you from acid and corrosion.
   Will:      It increases your willpower.
 R - the ring of Atoevage {rN+ Will+}
   (You took it off a deep elf master archer on level 3 of the Elven Halls)

   [ring of positive energy]

   rN:        It protects you from negative energy.
   Will:      It increases your willpower.
 T - a ring of flight
 U - a +4 ring of evasion (left fist)
 V - an amulet of the acrobat
 W - an amulet of faith (around neck)
 X - a ring of willpower
Wands
 b - a wand of polymorph (7)
 f - a wand of charming (26)
 n - a wand of paralysis (42)
 C - a wand of digging (2)
 J - a wand of flame (21)
 L - a wand of mindburst (29)
 S - a wand of iceblast (36)
Scrolls
 d - 6 scrolls of vulnerability
 i - a scroll of fear
 m - 5 scrolls of magic mapping
 o - 10 scrolls of teleportation
 u - a scroll of summoning
 v - a scroll of silence
 H - 6 scrolls of immolation
 N - 10 scrolls of fog
 P - 4 scrolls of holy word
Potions
 l - 12 potions of curing
 s - 5 potions of haste
 w - 4 potions of mutation
 z - 2 potions of invisibility
 B - 9 potions of might
 F - 4 potions of flight
 G - 4 potions of resistance
 I - a potion of cancellation
 K - 3 potions of brilliance
 M - 6 potions of magic
 O - 6 potions of lignification
 Z - 3 potions of ambrosia
Miscellaneous
 A - a tin of tremorstones (2/2)


   Skills:
 + Level 6.9 Fighting
 - Level 5.3 Staves
 - Level 5.6 Armour
 + Level 11.5 Dodging
 - Level 5.5 Stealth
 * Level 10.0 Unarmed Combat
 - Level 15.6 Spellcasting
 - Level 15.2 Conjurations
 - Level 2.1 Hexes
 - Level 5.6 Summonings
 - Level 6.1 Transmutations
 - Level 4.1 Fire Magic
 - Level 7.2 Ice Magic
 - Level 5.5 Air Magic
 - Level 18.0 Earth Magic
 * Level 7.6 Invocations
 - Level 10.8 Evocations


You had 3 spell levels left.
You knew the following spells:

 Your Spells              Type           Power      Damage    Failure   Level
a - Sandblast             Erth           100%       2d20      0%          1
b - Passwall              Tmut/Erth      79%        N/A       0%          2
c - Stone Arrow           Conj/Erth      100%       3d13      0%          3
d - Petrify               Tmut/Erth      95%        N/A       1%          4
e - Dazzling Flash        Conj/Hex       100%       N/A       1%          3
f - Lee's Rapid Deconstr  Erth           56%        3d27*     0%          5
g - Iron Shot             Conj/Erth      54%        9d10      1%          6
h - Freezing Cloud        Conj/Ice/Air   42%        6-21      1%          5
i - Orb of Destruction    Conj           52%        9d13      1%          7
j - Blink                 Tloc           66%        N/A       1%          2
k - Summon Lightning Spi  Summ/Air       69%        N/A       1%          4
l - Statue Form           Tmut/Erth      63%        N/A       1%          6

Your spell library contained the following spells:

 Spells                   Type           Power      Damage    Failure   Level
 Magic Dart               Conj           100%       1d8       0%          1
 Shock                    Conj/Air       100%       1d9       0%          1
 Beastly Appendage        Tmut           100%       N/A       1%          1
 Call Imp                 Summ           70%        N/A       1%          2
 Wereblood                Tmut           72%        N/A       1%          2
 Frozen Ramparts          Ice            100%       1d12      1%          3
 Mephitic Cloud           Conj/Pois/Air  75%        N/A       1%          3
 Spider Form              Tmut/Pois      56%        N/A       1%          3
 Swiftness                Air            69%        N/A       1%          3
 Tukima's Dance           Hex            51%        N/A       1%          3
 Lesser Beckoning         Tloc           33%        N/A       2%          3
 Airstrike                Air            34%        N/A       1%          4
 Ice Form                 Ice/Tmut       74%        N/A       1%          4
 Iskenderun's Mystic Bla  Conj/Tloc      78%        2d16      1%          4
 Leda's Liquefaction      Hex/Erth       44%        N/A       1%          4
 Summon Ice Beast         Ice/Summ       73%        N/A       1%          4
 Fireball                 Conj/Fire      43%        3d17      1%          5
 Iskenderun's Battlesphe  Conj           100%       2d15      1%          5
 Conjure Ball Lightning   Conj/Air       44%        3x3d15    1%          6
 Starburst                Conj/Fire      43%        6d12      2%          6
 Summon Mana Viper        Hex/Summ       61%        N/A       4%          5
 Yara's Violent Unravell  Hex/Tmut       31%        3d13      4%          5
 Summon Forest            Summ/Tloc      27%        N/A       7%          5
 Passage of Golubria      Tloc           33%        N/A       9%          4
 Summon Cactus Giant      Summ           35%        N/A       12%         6
 Manifold Assault         Tloc           33%        N/A       22%         5
 Eringya's Noxious Bog    Tmut/Pois      28%        N/A       34%         6
 Storm Form               Tmut/Air       35%        N/A       52%         7
 Monstrous Menagerie      Summ           35%        N/A       56%         7
 Summon Hydra             Summ           35%        N/A       56%         7
 Maxwell's Capacitive Co  Air            34%        ∞         99%         8


Dungeon Overview and Level Annotations

Branches:
Dungeon (15/15)            Temple (1/1) D:7            Lair (6/6) D:11
  Swamp (4/4) Lair:2       Spider (4/4) Lair:3        Slime (0/5) Lair:6
    Orc (2/2) D:10            Elf (3/3) Orc:2        Vaults (3/5) D:14
  Crypt (0/3) Vaults:2     Depths (0/4) D:15        Volcano (visited)
 WizLab (visited)

Altars:
Ashenzari
Cheibriados
Dithmenos
Elyvilon
Fedhas
Gozag
Hepliaklqana
Kikubaaqudgha
Makhleb
Nemelex Xobeh
Okawaru
Qazlal
Ru
Sif Muna
Trog
Uskayaw
Vehumet
Wu Jian
Xom
Yredelemnul
Zin
The Shining One
Jiyva

Shops:
D:3 [(([   D:7 (   D:9 (   D:11 (   D:13 ?   Orc:2 ([!=   Elf:3 *
Vaults:1 (?*?   Vaults:2 ?

Annotations:
D:5 exclusions: 2 orcs, orc priest, orc warrior and 1 more exclusion
D:6 1 runed translucent door, Edmund
D:9 3 runed translucent doors, hurston's ghost, journeyman GrFi
D:11 exclusion: cyclops
D:14 2 transporters, Wociock's ghost, journeyman DgWz
Lair:5 1 runed translucent door, MisterFreud's ghost, journeyman TrBe
Swamp:3 Mlioglotl
Spider:1 Asterion
Spider:3 2 transporters, Zgarb's ghost, journeyman FeSu
Elf:1 6 runed translucent doors
Elf:2 5 runed translucent doors


Innate Abilities, Weirdness & Mutations

You are a living statue of rough stone.
Your actions are slow, but your melee attacks are powerful.
You are resistant to unholy torment.
Your maximum health is greatly increased.
Your equipment is partially melded.
((Your serpentine skin is tough. (AC +7)))
You have supernaturally acute eyesight. (SInv)
Armour fits poorly on your strangely shaped body.
Your system is resistant to poisons. (rPois)
((You cover ground very slowly.))
You can spit poison.
You can use your snake-like lower body to constrict enemies.


Message History

* * * LOW HITPOINT WARNING * * *
A deep troll comes into view.
The deep troll is engulfed in freezing vapours.
The deep troll misses you. The deep troll closely misses you.
The deep troll barely misses you.
Unknown command.
Unknown command.
Casting: Freezing Cloud (mildly dangerous; 1% risk of failure)
Confirm with . or Enter, or press ? or * to list all spells.
You turn into a living statue of rough stone.
Your +2 pair of gloves melds into your body.
Your +4 barding of flying melds into your body.
Your +2 leather armour of fire resistance melds into your body.
You float gracefully downwards.
You feel less resistant to fire.
The deep troll shouts!
You are engulfed in freezing vapours.
You resist.
You hear a shout!
A centaur warrior comes into view.
The deep troll is engulfed in freezing vapours.
The deep troll closely misses you. The deep troll barely misses you.
The deep troll misses you.
Unknown command.
You pulverise the deep troll!!!
You kill the deep troll!
Cheibriados thoroughly appreciates the change of pace.
Cheibriados raises the support of your attributes as your movement slows.
You are engulfed in freezing vapours.
You resist.
* * * LOW HITPOINT WARNING * * *
Unknown command.
You are engulfed in freezing vapours.
You resist.
* * * LOW HITPOINT WARNING * * *
The deep troll completely misses you. x2
The deep troll claws you but does no damage.
The deep troll misses you. The deep troll completely misses you.
The deep troll barely misses you. The centaur warrior hits you!
* * * LOW HITPOINT WARNING * * *
The centaur warrior kicks you but does no damage.
Unknown command.
You feel better.
You are engulfed in freezing vapours.
You resist.
You die...

......############
..8..^#....#.....#
####
......#.####.....# ...
##.##.'.#........#
..##
#######.#.....##.##...
#..#....#..#..# #
#.##.....#)#).#.#
#........#Tc....#
#.....####8#()..#
#.....#§§[○#)).##
##+##########...# ...#
...# #..# ..# .##


You could see a centaur warrior (strong) and a deep troll.

Vanquished Creatures
  Mara (Spider:3)
  the Lernaean hydra (Swamp:4)
  Jorgrun (Swamp:3)
  2 deep elf blademasters (Elf:3)
  4 deep elf master archers
  Gastronok (Lair:3)
  2 sphinxes (Vaults:2)
  4 thorn hunters
  Frances (D:13)
  Kirke (D:13)
  A tengu reaver (Vaults:3)
  4 fenstrider witches
  2 orc warlords
  8 vault wardens
  3 deep elf sorcerers (Elf:3)
  7 ghost moths
  4 deep elf elementalists
  5 emperor scorpions (Spider:4)
  A curse skull (Vaults:2)
  10 ironbound preservers
  Aizul (Elf:3)
  3 broodmothers
  3 stone giants
  3 eleionomae
  4 ironbound thunderhulks
  10 very ugly things
  Nessos (Lair:5)
  5 deep elf demonologists
  4 entropy weavers
  2 deep elf annihilators (Elf:3)
  3 bunyips
  12 dire elephants
  2 ettins
  4 deep elf death magi
  3 fire dragons
  5 shambling mangroves
  Fannar (Lair:3)
  4 deep elf high priests
  An ice dragon (D:15)
  A great orb of eyes (Vaults:2)
  4 yaktaur captains
  5 vault guards (Vaults:2)
  2 radroaches
  2 jorogumos
  6 boulder beetles
  2 ogre magi (Orc:2)
  A ghost crab (Swamp:4)
  22 hydras
  16 centaur warriors
  5 catoblepae
  4 ironbound frosthearts
  2 death knights
  9 two-headed ogres
  4 satyrs (WizLab)
  16 dancing weapons
  2 tengu warriors (D:15)
  6 alligators
  A naga sharpshooter (WizLab)
  9 death yaks (Lair:6)
  An orc high priest (Elf:3)
  A vampire mage (Vaults:2)
  Urug (D:13)
  9 deep elf knights
  3 sun moths
  3 pharaoh ants
  6 goliath frogs
  9 steelbarb worms
  A glowing orange brain (Vaults:2)
  15 orb spiders
  11 swamp dragons
  A tengu zombie (Vaults:2)
  5 spriggan druids
  15 deep elf archers
  2 phantasmal warriors
  25 deep elf zephyrmancers
  6 bog bodies
  2 necromancers
  24 deep trolls
  4 wizards
  11 ironbound convokers
  36 deep elf pyromancers
  2 lindwurms (Vaults:1)
  3 manticores
  5 orc knights
  45 ugly things
  3 orc sorcerers
  14 wolf spiders
  2 fauns (WizLab)
  2 oklob plants (WizLab)
  2 will-o-the-wisps (Swamp:3)
  6 cyclopes
  An elf zombie (Vaults:2)
  3 moths of wrath
  8 elephants (Lair:6)
  10 vault sentinels
  2 molten gargoyles (Volcano)
  7 black mambas
  16 cane toads
  A gargoyle (D:12)
  4 komodo dragons
  2 rime drakes
  2 unseen horrors
  A tengu conjurer (D:13)
  5 demonic crawlers
  17 yaktaurs
  3 efreet
  A freezing wraith (D:15)
  10 trolls
  3 polar bears
  5 meliai
  12 tarantellas
  16 hornets
  17 blink frogs
  7 tyrant leeches
  14 slime creatures
  14 dream sheep (Lair:6)
  A human simulacrum (Vaults:2)
  3 air elementals
  20 jumping spiders
  15 culicivoras
  A wraith (Vaults:2)
  A nameless horror (Swamp:1)
  A shadow (D:10)
  Sigmund (D:6)
  4 spriggans
  5 fire elementals
  6 wyverns
  A steam dragon (D:9)
  64 yaks
  4 basilisks
  5 hogs (D:13)
  2 water elementals
  2 fire bats (Volcano)
  A human (shapeshifter) (Elf:1)
  26 redbacks
  18 vampire mosquitoes
  Menkaure (D:5)
  4 wargs
  An acid dragon (D:11)
  14 swamp worms
  15 water moccasins
  A floating eye (shapeshifter) (Elf:2)
  An ice beast (D:6)
  17 orc warriors
  6 swamp drakes (Swamp:4)
  2 black bears
  2 sky beasts (D:6)
  10 centaurs
  24 wolves
  2 boggarts (Vaults:3)
  24 ogres
  A gnoll sergeant (Orc:2)
  14 bullfrogs
  4 earth elementals
  A human skeleton (Vaults:2)
  A scorpion (D:11)
  7 killer bees
  5 wights (D:9)
  4 howler monkeys
  4 electric eels
  A bullfrog zombie (D:5)
  4 lava snakes (Volcano)
  6 centaur zombies
  12 orc priests
  3 hounds
  A jelly (D:8)
  2 bullfrog skeletons
  15 orc wizards
  3 iguanas
  2 hound skeletons
  3 howler monkey zombies (D:8)
  4 adders
  13 gnolls
  A howler monkey skeleton (D:7)
  A shadow imp (D:7)
  2 worms (D:2)
  71 orcs
  2 endoplasms (D:2)
  3 giant cockroaches
  4 hobgoblins
  5 ball pythons
  5 bats
  3 frilled lizards
  7 goblins
  2 kobolds
  7 rats
1237 creatures vanquished.

Vanquished Creatures (collateral kills)
  A bunyip (Swamp:2)
  A hydra (Swamp:4)
  A goliath frog (Swamp:2)
  A swamp dragon (Swamp:3)
  A meliai (Spider:4)
  2 tyrant leeches
  A jumping spider (Spider:1)
  A spriggan (Swamp:3)
  A swamp drake (Swamp:2)
10 creatures vanquished.

Vanquished Creatures (others)
  A deep elf pyromancer (Elf:3)
  A tarantella (Spider:3)
  A spriggan (Swamp:3)
  3 bushes
  A fire vortex (Lair:1)
  51 fungi
  61 plants
  2 withered plants (Lair:5)
121 creatures vanquished.

Grand Total: 1368 creatures vanquished

Notes
Turn   | Place    | Note
-------+----------+-------------------------------------------
     0 | D:1      | Kurdi the Naga Earth Elementalist began the quest for the
                  | Orb.
     0 | D:1      | Reached XP level 1. HP: 15/15 MP: 3/3
    46 | D:1      | Found a faded altar of an unknown god.
   382 | D:1      | Reached skill level 1 in Unarmed Combat
   382 | D:1      | Reached XP level 2. HP: 22/22 MP: 3/5
   991 | D:2      | Learned a level 2 spell: Passwall
  1265 | D:2      | Reached XP level 3. HP: 28/28 MP: 6/6
  1642 | D:2      | You fall into a shaft and drop 1 floor!
  1686 | D:3      | Reached XP level 4. HP: 31/36 MP: 2/7
  1789 | D:3      | Reached skill level 4 in Earth Magic
  1848 | D:3      | Found Woenuotiah's Armour Shoppe.
  1922 | D:3      | Found Hikhla's Weapon Shoppe.
  2086 | D:3      | Learned a level 3 spell: Stone Arrow
  2209 | D:3      | Found Zeuggip's Antique Weapon Emporium.
  2250 | D:3      | Found Vijut's Armour Emporium.
  2726 | D:4      | Reached skill level 1 in Conjurations
  2732 | D:4      | Reached XP level 5. HP: 41/42 MP: 3/8
  3098 | D:4      | Reached XP level 6. HP: 45/49 MP: 5/10
  3103 | D:4      | Learned a level 4 spell: Petrify
  3906 | D:5      | Entered Level 5 of the Dungeon
  3933 | D:5      | Noticed an orc warrior
  4154 | D:5      | Noticed Menkaure
  4159 | D:5      | Killed Menkaure
  4160 | D:5      | Reached skill level 5 in Earth Magic
  4160 | D:5      | Reached XP level 7. HP: 55/55 MP: 4/12
  5716 | D:6      | Found a runed translucent door.
  5727 | D:6      | Noticed Edmund
  5754 | D:6      | Reached skill level 5 in Conjurations
  5754 | D:6      | Reached XP level 8. HP: 54/62 MP: 5/13
  6057 | D:6      | Found a shimmering blue altar of Sif Muna.
  6057 | D:6      | Noticed Sigmund
  6060 | D:6      | Killed Sigmund
  6450 | D:7      | Found a staircase to the Ecumenical Temple.
  6465 | Temple   | Entered the Ecumenical Temple
  6646 | Temple   | Became a worshipper of Vehumet
  6678 | D:7      | Reached skill level 6 in Earth Magic
  6738 | D:7      | Found Jyace's Antique Weapon Shop.
  6889 | D:7      | Found a stormy altar of Qazlal.
  7307 | D:7      | Found a blossoming altar of Fedhas.
  7877 | D:8      | Reached XP level 9. HP: 66/68 MP: 3/16
  8285 | D:8      | Reached skill level 5 in Spellcasting
  8750 | D:8      | Found a shadowy altar of Dithmenos.
  9156 | D:9      | Reached skill level 5 in Transmutations
  9156 | D:9      | Reached skill level 7 in Earth Magic
  9246 | D:9      | Reached * piety under Vehumet
  9246 | D:9      | Offered knowledge of Magic Dart by Vehumet.
  9971 | D:9      | Found Wause's Antique Weapon Boutique.
  9979 | D:9      | Noticed hurston's ghost (journeyman GrFi)
  9979 | D:9      | Noticed a kobold demonologist
  9979 | D:9      | Noticed a kobold demonologist
  9983 | D:9      | Found a runed translucent gate.
  9983 | D:9      | Found a runed translucent gate.
  9983 | D:9      | Found a runed translucent gate.
 10024 | D:10     | Entered Level 10 of the Dungeon
 10057 | D:10     | Noticed an unseen horror
 10061 | D:10     | Killed an unseen horror
 10357 | D:10     | Noticed a troll
 10362 | D:10     | Killed a troll
 10363 | D:10     | Reached skill level 1 in Fighting
 10363 | D:10     | Reached skill level 8 in Earth Magic
 10363 | D:10     | Reached XP level 10. HP: 80/80 MP: 9/19
 10666 | D:10     | Found a shimmering altar of Xom.
 10667 | D:10     | Found a hazy altar of Hepliaklqana.
 10667 | D:10     | Noticed a torpor snail
 10668 | D:10     | Noticed a spectral ugly thing
 10944 | D:10     | Found a staircase to the Orcish Mines.
 11188 | D:11     | Reached ** piety under Vehumet
 11190 | D:11     | Offered knowledge of Shock by Vehumet.
 11330 | D:11     | Found Ritin's Weapon Boutique.
 11335 | D:11     | Identified the ring of Cavap {Will+ rCorr Int+3 Dex+5}
 11393 | D:11     | Noticed a seven-headed hydra
 11403 | D:11     | Noticed a two-headed ogre
 11410 | D:11     | Killed a seven-headed hydra
 11411 | D:11     | Reached skill level 5 in Fighting
 11415 | D:11     | Killed a two-headed ogre
 11416 | D:11     | Reached skill level 9 in Earth Magic
 11570 | D:11     | Noticed a centaur warrior
 11916 | D:11     | Reached skill level 1 in Armour
 11916 | D:11     | Reached XP level 11. HP: 89/97 MP: 9/22
 12292 | D:11     | Noticed a cyclops
 12362 | D:11     | Killed a centaur warrior
 12550 | D:11     | Found a staircase to the Lair.
 13035 | D:12     | Noticed a death knight
 13259 | D:12     | Noticed a manticore
 13371 | Lair:1   | Entered Level 1 of the Lair of Beasts
 13887 | Lair:1   | Noticed a six-headed hydra
 13891 | Lair:1   | Killed a six-headed hydra
 13999 | Lair:1   | Offered knowledge of Inner Flame by Vehumet.
 14373 | Lair:1   | Reached skill level 1 in Evocations
 14394 | Lair:1   | Reached skill level 10 in Earth Magic
 14899 | Lair:2   | Reached XP level 12. HP: 95/105 MP: 6/24
 15125 | Lair:2   | Found a staircase to the Swamp.
 15133 | Lair:2   | Reached *** piety under Vehumet
 15469 | Lair:2   | Noticed a six-headed hydra
 15501 | Lair:2   | Offered knowledge of Dazzling Flash by Vehumet.
 15575 | Lair:2   | Killed a six-headed hydra
 15583 | Lair:2   | Reached skill level 5 in Dodging
 15705 | Lair:2   | Noticed a five-headed hydra
 15962 | Lair:2   | Learned a level 3 spell: Dazzling Flash
 16368 | Lair:2   | Killed a five-headed hydra
 16481 | Lair:2   | Reached skill level 1 in Hexes
 16690 | Lair:2   | Reached skill level 11 in Earth Magic
 16702 | Lair:2   | Reached **** piety under Vehumet
 16717 | Lair:2   | Offered knowledge of Lee's Rapid Deconstruction by Vehumet.
 16718 | Lair:2   | Reached skill level 5 in Armour
 17530 | Lair:3   | Reached skill level 10 in Spellcasting
 17560 | Lair:3   | Learned a level 5 spell: Lee's Rapid Deconstruction
 17631 | Lair:3   | You fall into a shaft and drop 1 floor!
 17655 | Lair:4   | Gained mutation: You can use your snake-like lower body to
                  | constrict enemies. [Naga growth]
 17655 | Lair:4   | Reached XP level 13. HP: 111/111 MP: 18/27
 17883 | Lair:3   | Noticed Fannar
 17896 | Lair:3   | Killed Fannar
 18240 | D:3      | Bought the +6 lightning scales {swift, rElec} for 938 gold
                  | pieces
 18240 | D:3      | Found the +6 lightning scales {swift, rElec}
 18554 | Orc:1    | Entered Level 1 of the Orcish Mines
 18892 | Orc:1    | Reached ***** piety under Vehumet
 19159 | Orc:2    | Entered Level 2 of the Orcish Mines
 19378 | Orc:2    | Offered knowledge of Ozocubu's Refrigeration by Vehumet.
 19795 | Orc:2    | Reached skill level 12 in Earth Magic
 20726 | Orc:2    | Found Laeresas's Distillery.
 20737 | Orc:2    | Found Emyavefu's Weapon Boutique.
 20892 | Orc:2    | Reached skill level 13 in Earth Magic
 21018 | Orc:2    | Bought a potion of degeneration for 17 gold pieces
 21019 | Orc:2    | Bought a potion of heal wounds for 85 gold pieces
 21021 | Orc:2    | Found Qixatseze's Jewellery Shoppe.
 21022 | Orc:2    | Found Favowk's Antique Armour Shoppe.
 21024 | Orc:2    | Found a staircase to the Elven Halls.
 21951 | D:3      | Bought the +3 crown of Dyrovepreva {rElec Int+2 SInv} for
                  | 579 gold pieces
 21951 | D:3      | Found the +3 crown of Dyrovepreva {rElec Int+2 SInv}
 22312 | Lair:3   | Reached XP level 14. HP: 120/120 MP: 15/29
 22445 | Lair:3   | Offered knowledge of Iron Shot by Vehumet.
 22751 | Lair:3   | Noticed Gastronok
 22763 | Lair:3   | Killed Gastronok
 23032 | Lair:3   | Found a hole to the Spider Nest.
 23455 | Lair:4   | Learned a level 6 spell: Iron Shot
 23469 | Lair:4   | Reached skill level 14 in Earth Magic
 24911 | Lair:5   | Found a dark tunnel.
 24916 | Volcano  | Entered a volcano
 25302 | Volcano  | Found a burning altar of Makhleb.
 25452 | Volcano  | Noticed a stone giant
 25463 | Volcano  | Killed a stone giant
 25827 | Lair:5   | Found a runed translucent door.
 25828 | Lair:5   | Noticed MisterFreud's ghost (journeyman TrBe)
 26238 | Lair:5   | Noticed Nessos
 26249 | Lair:5   | Killed Nessos
 26898 | Lair:6   | Entered Level 6 of the Lair of Beasts
 27480 | Lair:6   | Offered knowledge of Freezing Cloud by Vehumet.
 27778 | Lair:6   | Reached XP level 15. HP: 126/126 MP: 25/30
 27786 | Lair:6   | Reached skill level 15 in Earth Magic
 27903 | Lair:6   | Found a staircase to the Slime Pits.
 27903 | Lair:6   | Found a viscous altar of Jiyva.
 28097 | Lair:6   | Learned a level 5 spell: Freezing Cloud
 28242 | Lair:6   | Reached skill level 1 in Ice Magic
 29055 | Lair:6   | Identified the +4 arbalest of the Vine {venom, rF+ rC+ rN++
                  | Dex-5}
 30131 | D:13     | Noticed Frances
 30137 | D:13     | Killed Frances
 30352 | D:13     | Noticed Urug
 30368 | D:13     | Killed Urug
 30369 | D:13     | Reached skill level 10 in Conjurations
 30630 | D:13     | Noticed Kirke
 30638 | D:13     | Killed Kirke
 31168 | D:13     | Found Ukogg's Magic Scroll Shop.
 31278 | D:13     | Bought a scroll of identify for 26 gold pieces
 31278 | D:13     | Bought a scroll of immolation for 45 gold pieces
 31278 | D:13     | Bought a scroll of identify for 26 gold pieces
 31778 | D:14     | Noticed Wociock's ghost (journeyman DgWz)
 31778 | D:14     | Found a transporter.
 31780 | D:14     | Noticed a fire giant
 31784 | D:14     | Found a transporter.
 31825 | D:14     | Reached skill level 5 in Ice Magic
 32193 | D:14     | Found a broken altar of Ashenzari.
 32203 | D:14     | Offered knowledge of Irradiate by Vehumet.
 32411 | D:14     | Reached XP level 16. HP: 133/133 MP: 19/32
 32526 | D:14     | Found a sparkling altar of Nemelex Xobeh.
 33089 | D:14     | Found a gate to the Vaults.
 33092 | D:14     | Identified the +2 pair of boots of Gravity {rN++ Stlth+}
 33182 | D:14     | Learned a level 4 spell: Summon Ice Beast
 33453 | D:15     | Entered Level 15 of the Dungeon
 34375 | D:15     | Found a staircase to the Depths.
 35359 | Orc:2    | Bought a runed buckler for 262 gold pieces
 35533 | Swamp:1  | Entered Level 1 of the Swamp
 35559 | Swamp:1  | Learned a level 3 spell: Frozen Ramparts
 35564 | Swamp:1  | Learned a level 4 spell: Summon Lightning Spire
 36123 | Swamp:1  | Reached skill level 1 in Summonings
 36123 | Swamp:1  | Reached skill level 1 in Air Magic
 37272 | Swamp:2  | Reached skill level 1 in Staves
 37720 | Swamp:2  | Identified a scroll of acquirement
 37720 | Swamp:2  | Acquired 830 gold pieces
 37865 | Swamp:2  | Offered knowledge of Fireball by Vehumet.
 38946 | Swamp:3  | Noticed a fenstrider witch
 38949 | Swamp:3  | Killed a fenstrider witch
 39097 | Swamp:3  | Reached XP level 17. HP: 111/140 MP: 18/33
 39212 | Swamp:3  | Noticed Jorgrun
 39218 | Swamp:3  | Killed Jorgrun
 39862 | Swamp:3  | Noticed Mlioglotl
 39866 | Swamp:3  | Noticed a bone dragon
 40220 | Swamp:4  | Entered Level 4 of the Swamp
 40260 | Swamp:4  | Reached skill level 5 in Summonings
 40260 | Swamp:4  | Reached skill level 5 in Air Magic
 40542 | Swamp:3  | Identified the +1 hand axe "Ginkoomuh" {vamp, Drain rElec
                  | rC+ Str+3}
 40563 | Swamp:4  | Reached skill level 5 in Staves
 41428 | Swamp:4  | Learned a level 5 spell: Fireball
 41575 | Swamp:4  | Offered knowledge of Orb of Destruction by Vehumet.
 41866 | Swamp:4  | Reached skill level 5 in Stealth
 41866 | Swamp:4  | Reached skill level 1 in Fire Magic
 42277 | Swamp:4  | Reached skill level 16 in Earth Magic
 42373 | Swamp:4  | Noticed the 27-headed Lernaean hydra
 42467 | Swamp:4  | Killed the 27-headed Lernaean hydra
 42967 | Swamp:4  | Got a decaying rune of Zot
 43374 | Spider:1 | Entered Level 1 of the Spider Nest
 43498 | Spider:1 | Noticed Asterion
 43688 | Spider:2 | Acquired 1190 gold pieces
 44120 | Spider:3 | Noticed Mara
 44156 | Spider:2 | Learned a level 7 spell: Orb of Destruction
 44352 | Spider:2 | Reached skill level 5 in Evocations
 44721 | Spider:3 | Noticed Kurdi's illusion
 45105 | Spider:3 | Killed Mara
 45170 | Spider:3 | Offered knowledge of Ignition by Vehumet.
 45180 | Spider:3 | Reached XP level 18. HP: 110/147 MP: 11/35
 45306 | Spider:4 | Entered Level 4 of the Spider Nest
 47935 | Spider:4 | Learned a level 2 spell: Blink
 48903 | Spider:4 | Got a gossamer rune of Zot
 49301 | Spider:4 | Identified the +1 hat "Fevuxter" {rF+ Will- Int+8 SInv}
 50133 | Spider:3 | Found a transporter.
 50135 | Spider:3 | Noticed Zgarb's ghost (journeyman FeSu)
 50166 | Spider:3 | Found a transporter.
 50849 | Elf:1    | Entered Level 1 of the Elven Halls
 50858 | Orc:2    | Bought an amulet of magic regeneration for 540 gold pieces
 51011 | Elf:1    | Paralysed by an air elemental for 1 turns
 51080 | Elf:1    | Found a magical portal.
 51178 | WizLab   | Entered Eringya's Formal Garden
 51680 | WizLab   | Reached XP level 19. HP: 154/154 MP: 17/37
 52095 | WizLab   | Paralysed by a hornet for 3 turns
 52384 | WizLab   | Reached skill level 17 in Earth Magic
 52586 | WizLab   | Found a blossoming altar of Fedhas.
 53022 | Elf:1    | Reached ****** piety under Vehumet
 53420 | Elf:1    | Paralysed by an air elemental for 1 turns
 53426 | Elf:1    | Offered knowledge of Shatter by Vehumet.
 53426 | Elf:1    | Offered knowledge of Chain Lightning by Vehumet.
 53426 | Elf:1    | Offered knowledge of Polar Vortex by Vehumet.
 53854 | Elf:1    | Found a runed translucent gate.
 53854 | Elf:1    | Found a runed translucent gate.
 53854 | Elf:1    | Found a runed translucent gate.
 53854 | Elf:1    | Found a runed translucent gate.
 53854 | Elf:1    | Found a runed translucent gate.
 53856 | Elf:1    | Found a runed translucent gate.
 54284 | Elf:2    | Reached skill level 15 in Spellcasting
 54607 | Elf:2    | Reached skill level 10 in Evocations
 55146 | Elf:2    | Found a huge runed translucent gate.
 55146 | Elf:2    | Found a huge runed translucent gate.
 55147 | Elf:2    | Found a huge runed translucent gate.
 55157 | Elf:2    | Found a huge runed translucent gate.
 55160 | Elf:2    | Found a huge runed translucent gate.
 55274 | Elf:3    | Entered Level 3 of the Elven Halls
 55569 | Elf:3    | Reached skill level 15 in Conjurations
 55672 | Elf:3    | Noticed Aizul
 55679 | Elf:3    | Killed Aizul
 55888 | Elf:3    | Found Nuistroa's Overcharged Wands.
 55894 | Elf:3    | Bought a wand of paralysis (25) for 459 gold pieces
 55894 | Elf:3    | Bought a wand of iceblast (25) for 493 gold pieces
 56046 | Elf:3    | Identified the +11 war axe of Mourning {spect, *Rage Int+3
                  | Dex+5 SInv}
 56181 | Elf:3    | Reached XP level 20. HP: 162/162 MP: 19/39
 56684 | Elf:3    | Identified the +4 plate armour of the Desert {rPois rN+
                  | Str+2 SInv}
 56705 | Elf:3    | Identified the +6 quarterstaff of Beyond {vorpal, +Blink
                  | Str+3}
 56889 | Elf:3    | Identified the +5 flail of Daheext {spect, rF+ Int+2 Dex+3
                  | Stlth+}
 56889 | Elf:3    | Identified the ring "Emnod" {rN++ Str+5 Int-2 Slay+4}
 57234 | Elf:3    | Identified the ring "Vuaxean" {rC++ Will- rCorr Int+2
                  | Stlth+}
 57304 | Elf:3    | Identified the ring of Atoevage {rN+ Will+}
 57989 | Vaults:1 | Entered Level 1 of the Vaults
 58062 | Vaults:1 | Reached skill level 18 in Earth Magic
 58381 | D:13     | Bought a scroll of magic mapping for 45 gold pieces
 58381 | D:13     | Bought a scroll of enchant armour for 97 gold pieces
 58789 | Temple   | Fell from the grace of Vehumet
 58789 | Temple   | Became a worshipper of Cheibriados the Contemplative
 59015 | Orc:2    | Bought an amulet of faith for 720 gold pieces
 59258 | Vaults:1 | Found Ineuvonk's Antique Weapon Emporium.
 59288 | Vaults:1 | Learned a level 6 spell: Statue Form
 59706 | Vaults:1 | Reached * piety under Cheibriados
 59707 | Vaults:1 | Reached skill level 5 in Unarmed Combat
 59782 | Vaults:1 | Found Cekeg's Magic Scroll Shop.
 59790 | Vaults:1 | Bought a scroll of teleportation for 54 gold pieces
 59790 | Vaults:1 | Bought a scroll of holy word for 135 gold pieces
 59790 | Vaults:1 | Bought 3 scrolls of magic mapping for 189 gold pieces
 59790 | Vaults:1 | Bought a scroll of magic mapping for 63 gold pieces
 60053 | Vaults:1 | Identified the +9 broad axe of Distant Worlds {vorpal,
                  | rElec rF+ Str+4 Int-2}
 60468 | Vaults:1 | Found Zuhi Ush's General Store.
 60480 | Vaults:1 | Bought a potion of heal wounds for 70 gold pieces
 60480 | Vaults:1 | Bought a throwing net for 42 gold pieces
 60480 | Vaults:1 | Bought a potion of mutation for 112 gold pieces
 60675 | Vaults:1 | Reached ** piety under Cheibriados
 60767 | Vaults:1 | Reached skill level 10 in Dodging
 61123 | Vaults:1 | Found Yrhea's Magic Scroll Emporium.
 61133 | Vaults:1 | Bought a scroll of fog for 26 gold pieces
 61323 | Vaults:1 | Reached *** piety under Cheibriados
 61341 | Vaults:1 | HP: 8/213 [dire elephant (16)]
 61345 | Vaults:1 | HP: 3/213 [ironbound frostheart/creeping frost (28)]
 62503 | Vaults:2 | Identified the +3 triple crossbow of the Vaults {speed,
                  | +Blink rN+++ Will+ Int-4 Dex-2}
 63019 | Vaults:2 | Reached **** piety under Cheibriados
 63546 | Vaults:2 | Found Lowowifa's Magic Scroll Boutique.
 63554 | Vaults:2 | Bought a scroll of fog for 34 gold pieces
 63554 | Vaults:2 | Bought a scroll of fog for 34 gold pieces
 63650 | Vaults:2 | Found a staircase to the Crypt.
 63898 | Vaults:2 | Reached skill level 1 in Invocations
 64028 | Vaults:2 | Reached XP level 21. HP: 170/170 MP: 22/40
 64509 | Vaults:2 | Reached ***** piety under Cheibriados
 64521 | Vaults:2 | HP: 2/221 [ironbound frostheart/creeping frost (16)]
 65041 | Vaults:2 | Reached skill level 5 in Invocations
 65257 | Vaults:2 | Was forgiven by Vehumet
 66557 | Vaults:3 | Reached skill level 10 in Unarmed Combat
 66564 | Vaults:3 | Reached ****** piety under Cheibriados
 66565 | Vaults:3 | HP: 11/222 [cloud of freezing vapour (12)]
 66565 | Vaults:3 | HP: 3/222 [centaur warrior (9)]
 66566 | Vaults:3 | Engulfed by a cloud of freezing vapour

Illustrated notes

Levels and vault maps discovered:
D:1:      dpeg_arrival_more_subterranean_lakeside_camping, layout_basic,
          hellmonk_ecumenical_altar_lost_god, grunt_decor_fettered
D:2:      layout_loops_corners
D:3:      layout_basic, serial_shops, shop, shop, nicolae_lakefront_shop,
          nicolae_square_shop
D:4:      layout_basic, kennysheep_nub
D:5:      layout_loops_ring, uniq_menkaure
D:6:      layout_cave_pools, mainiacjoe_overflow_alcove_2,
          lightli_church_of_beogh, uniq_sigmund, uniq_edmund
D:7:      layout_loops_corners, fedhas_altar_3, grunt_qazlal_clouds,
          minmay_temple_entry_antechambers, serial_shops,
          nicolae_take_the_stairs
D:8:      layout_layer_cave, nicolae_dithmenos_the_darkroom
D:9:      layout_loops_cross, gammafunk_ghost_nasty_kobolds, serial_shops, shop
D:10:     layout_long_grid, regret_index_temple_of_mockery, hiddenorc1_lemuel,
          corexii_leaking_fountain, abandoned_shop
D:11:     layout_loops_ring, grunt_lair_entry_orc_guard_hut, serial_shops,
          nicolae_shop_bloodbath_and_beyond, minmay_misc_feat_iff,
          serial_bayou_pond_d
D:12:     layout_rooms
D:13:     layout_basic, serial_shops, nicolae_lakefront_shop, st_stairs_5,
          kennysheep_generic_room_6, uniq_kirke, uniq_urug, uniq_frances
D:14:     layout_stronghold, david_vaults_4, nemelex_lonely_heart_becter,
          gammafunk_ghost_arena, evilmike_ruin_ashenzari
D:15:     grunt_enter_depths_hoard, layout_cave_pools, serial_rivers,
          chequers_serial_rivers_small_a, chequers_serial_rivers_micro_c,
          chequers_serial_rivers_room_b, chequers_serial_rivers_micro_d,
          minmay_misc_feat_plants
Temple:   eino_temple_scatter_basement
Lair:1:   layout_gridlike, serial_bayou_shore_a
Lair:2:   beast_lair_carwin_large_4, layout_layer_cave,
          minmay_swamp_entry_swarm, lemuel_fruit_tree, grunt_megastairs_2
Lair:3:   layout_misc_corridors, nicolae_spider_entry_orb_guardian,
          grunt_megastairs_1, uniq_fannar, uniq_gastronok
Lair:4:   layout_layer_cave, grunt_megastairs_4, infiniplex_staircase_pool_2
Lair:5:   layout_misc_corridors, gammafunk_ghost_grave, enter_volcano_4,
          infiniplex_staircase_pool, uniq_nessos
Lair:6:   evilmike_catoblepas_cave, layout_regular_city, slime_altar_1
Swamp:1:  layout_basic_swamp, nicolae_swamp_fairy_circle
Swamp:2:  nicolae_swamp_standing_stones, layout_falls_marsh,
          nicolae_swamp_triple_paths
Swamp:3:  layout_falls_marsh, nicolae_swamp_orc_logging_accident,
          uniq_mlioglotl, uniq_jorgrun
Swamp:4:  swamp_old_school, layout_basic_swamp
Spider:1: layout_spider_delve, uniq_asterion, uniq_roxanne
Spider:2: layout_chambers, nicolae_spider_undead_wolf_pack
Spider:3: layout_spider_delve, gammafunk_ghost_mausoleum,
          hangedman_spider_tarantella_strand, uniq_arachne, uniq_mara
Spider:4: guppyfry_spider_rune, nicolae_spider_orb_run
Orc:1:    layout_diamond_mine
Orc:2:    st_orc_open, layout_caves
Elf:1:    nicolae_elf_arrival_fired_up, layout_gridlike,
          infiniplex_enter_wizlab_water, orc_legates, corexii_checkpoint_a
Elf:2:    elven_hall_of_blades_hangedman_alternative
          [nicolae_blade_entry_crossed_weapons], layout_onion_city, drop_trap,
          guppyfry_library_mini
Elf:3:    elf_hall_gauntlet_wide, layout_rooms, st_stairs_2, abandoned_shop,
          nicolae_shop_overcharged_wands, uniq_aizul
Vaults:1: hangedman_vaults_pinch, hangedman_vaults_maws,
          ontoclasm_vaults_ring_large, nicolae_vaults_little_squares_1,
          vaults_mumra_lcd, nicolae_vaults_network_s,
          nicolae_vaults_mini_display_case, v_alt_pattern_6,
          grunt_vaults_hallway_short, layout_vaults_chaotic_city, serial_shops,
          bzr_entry_customers, shop, nicolae_shop_crystal, shop, shop
Vaults:2: vaults_room_hallway, vaults_mumra_minichess, v_misc_12,
          nicolae_vaults_little_ls, vaults_room_door_hall,
          minmay_crypt_entry_simple_box, nicolae_vaults_little_squares_4,
          nicolae_vaults_diagonal_hallway_7, nicolae_vaults_specimen_jars,
          grunt_vaults_twisty, vaults_room_guarded_vault, ontoclasm_vaults_chip,
          nicolae_vaults_yaktaur_gun_rack, layout_vaults_quadrants,
          serial_shops, shop
Vaults:3: grunt_vaults_hallway_short, nicolae_vaults_big_angled_halls,
          ontoclasm_vaults_chip, grunt_vaults_funnel,
          nicolae_vaults_stairing_the_circle, hangedman_vaults_trim,
          v_alt_pattern_6, hangedman_vaults_capsules,
          ontoclasm_vaults_ring_large, nicolae_vaults_shelves_hall,
          dpeg_vaults_pockets_of_resistance, ontoclasm_vaults_ligature,
          layout_vaults_omnibox

Skill      XL: |  1  2  3  4  5  6  7  8  9 10 11 12 13 14 15 16 17 18 19 20 21 |
---------------+----------------------------------------------------------------+-----
Unarmed Combat | 1 8 10 | 10.0
Stealth        | 4 5 |  5.5
Earth Magic    | 4 5 6 8 9 10 11 13 14 15 16 17 18 | 18.0
Conjurations   | 1 2 4 5 6 8 10 11 12 13 15 | 15.2
Spellcasting   | 3 4 6 7 8 10 11 12 13 14 15 | 15.6
Transmutations | 2 4 6 |  6.1
Fighting       | 1 6 |  6.9
Armour         | 1 4 5 |  5.6
Dodging        | 2 4 5 7 8 9 10 11 | 11.5
Evocations     | 1 4 5 8 10 | 10.8
Hexes          | 2 |  2.1
Ice Magic      | 5 7 |  7.2
Summonings     | 4 5 |  5.6
Air Magic      | 4 5 |  5.5
Staves         | 3 5 |  5.3
Fire Magic     | 4 |  4.1
Invocations    | 1 7 |  7.6

Action                   |  1- 3 |  4- 6 |  7- 9 | 10-12 | 13-15 | 16-18 | 19-21 || total
-------------------------+-------+-------+-------+-------+-------+-------+-------++-------
Melee: Unarmed           |    10 |       |       |       |       |       |   337 ||   347
       Staff             |       |       |       |       |     3 |   149 |   105 ||   257
       Constrict         |       |       |       |       |     3 |    22 |   100 ||   125
       Punch             |       |       |       |       |       |     6 |    47 ||    53
       Quarterstaff      |       |       |       |       |       |       |    15 ||    15
Throw: Stone             |       |       |       |       |       |     1 |       ||     1
 Cast: Sandblast         |    24 |    48 |    30 |   110 |   160 |    30 |     1 ||   403
       Stone Arrow       |       |    12 |    78 |   199 |   187 |    37 |    10 ||   523
       Petrify           |       |       |       |     2 |    22 |     2 |       ||    26
       Lee's Rapid Decon |       |       |       |     2 |    88 |    15 |    47 ||   152
       Dazzling Flash    |       |       |       |       |     3 |     1 |       ||     4
       Iron Shot         |       |       |       |       |   101 |   436 |   214 ||   751
       Freezing Cloud    |       |       |       |       |    19 |    27 |    58 ||   104
       Summon Lightning  |       |       |       |       |       |    19 |       ||    19
       Summon Ice Beast  |       |       |       |       |       |     4 |       ||     4
       Orb of Destructio |       |       |       |       |       |    22 |    20 ||    42
       Blink             |       |       |       |       |       |       |     4 ||     4
       Statue Form       |       |       |       |       |       |       |    29 ||    29
Invok: Bend Time         |       |       |       |       |       |       |     2 ||     2
       Slouch            |       |       |       |       |       |       |     2 ||     2
       Temporal Distorti |       |       |       |       |       |       |     1 ||     1
 Abil: Spit Poison       |    21 |    21 |    23 |    53 |    64 |     3 |     1 ||   186
       End Transformatio |       |       |       |       |       |       |     2 ||     2
Evoke: Wand              |       |       |       |     9 |    26 |    31 |     1 ||    67
  Use: Potion            |     2 |       |     1 |     3 |     1 |    15 |    10 ||    32
       Scroll            |       |     1 |     8 |     5 |     8 |    23 |    12 ||    57
 Stab: Distracted        |       |       |       |       |       |     1 |       ||     1
       Invisible         |       |       |       |       |       |       |     1 ||     1
Armor: Robe              |     5 |     6 |    61 |    18 |       |       |       ||    90
       Acid dragon scale |       |       |       |   138 |   169 |   473 |    88 ||   868
       Skin              |       |       |       |       |       |       |   306 ||   306
       Leather armour    |       |       |       |       |       |       |    16 ||    16
Dodge: Dodged            |     6 |     5 |    20 |    85 |   230 |   536 |   668 ||  1550
